 Dungeon Crawl Stone Soup version 0.27-a0-1322-gfdffb62a71 (webtiles) character file.

Game seed: 8186466576763794118

1766 sanka the Insei (level 9, -5/60 (62) HPs)
             Began as an Octopode Monk on June 22, 2021.
             Was an Elder of Cheibriados.
             Slain by a wight (19 damage)
             ... on level 6 of the Dungeon.
             The game lasted 00:09:53 (4415 turns).

sanka the Insei (Octopode Monk)                     Turns: 4415, Time: 00:09:53

HP:   -5/60 (62)    AC:  1    Str: 20    XL:     9   Next: 7%
MP:   12/12         EV: 18    Int: 23    God:    Cheibriados [****..]
Gold: 264           SH:  5    Dex: 24    Spells: 8/8 levels left

rFire    . . .     SeeInvis .     - Unarmed
rCold    . . .     Faith    .   (no shield)
rNeg     . . .     Spirit   .   (helmet restricted)
rPois    .         Reflect  +   o - amulet of reflection
rElec    .         Harm     .   g - ring of flight
rCorr    .         Rampage  .   (no ring)
Will     .....                  (no ring)
Stlth    ++++......             (no ring)
HPRegen  0.20/turn              (no ring)
MPRegen  0.13/turn              (no ring)
                                (no ring)
                                (no ring)

@: flying, lightly drained, very slow
A: almost no armour, amphibious, 8 rings, camouflage 1, gelatinous body 1,
(nimble swimmer 1), tentacles
a: Renounce Religion, Bend Time, Temporal Distortion, Slouch


You were on level 6 of the Dungeon.
You worshipped Cheibriados.
Cheibriados was greatly pleased with you.
You visited 1 branch of the dungeon, and saw 6 of its levels.

You collected 264 gold pieces.


Innate Abilities, Weirdness & Mutations

You cannot wear most types of armour.
You are amphibious.
You can wear up to eight rings at the same time.
Your skin changes colour to match your surroundings (Stealth+).
Your rubbery body absorbs attacks. (AC +1, EV +1)
((You are camouflaged near water. (Stealth+)))
You have tentacles for arms and can constrict up to eight enemies at once.


   Skills:
 + Level 5.9 Fighting
 + Level 5.9 Dodging
 - Level 2.6 Stealth
 * Level 7.9 Unarmed Combat
 + Level 5.1 Invocations


You had 8 spell levels left.
You didn't know any spells.
Your spell library was empty.

Inventory:

Hand Weapons
 l - the +4 falchion "Octopus's Bane" {drain, Fragile rPois rC+++ Dex-4} A truly terrible weapon, it drains the life of those it strikes. It affects your dexterity (-4). It renders you almost immune to cold. It protects you from poison. It will be destroyed if unequipped.
Jewellery
 g - a ring of flight (left tentacle)
 o - an amulet of reflection (around mantle)
 p - an amulet of reflection
Scrolls
 a - a scroll of enchant armour {unknown}
 c - a scroll of holy word
 f - 2 scrolls of fear
 k - a scroll of teleportation {unknown}
 m - 2 scrolls of amnesia
 n - a scroll of immolation {!r}
Potions
 b - a potion of cancellation {unknown}
 d - a potion of curing {unknown}
 e - a potion of resistance {unknown}
 h - a potion of heal wounds {unknown}
 j - 2 potions of degeneration {unknown}

Dungeon Overview and Level Annotations

Branches:
Dungeon (6/15)
 Temple: D:4-7

Altars:
Cheibriados
Kikubaaqudgha
Makhleb
Qazlal
Ru
Sif Muna
Uskayaw
Zin
The Shining One

Annotations:
D:4 1 transporter, Grinder; sn0wgr3's ghost, amateur GrFi
D:6 Dowan

.............▒ ▒.....
........(...▒▒ ▒▒.....
.............▒▒▒ ▒......
..........>)...▒▒▒......
........▒▒▒....>........
........▒ ▒▒▒▒▒▒▒▒......
..>.....▒▒ .......
........Z▒ ▒<......
.....£)x.▒ ▒.......
......z.)▒ ........
..........▒ ▒.....e..
..........▒ ......
..........▒ ..........▒
▒▒........▒ ▒▒.....▒▒▒


You could see a wight and a bullfrog skeleton.


Message History

The bullfrog skeleton completely misses you.
You block the bullfrog skeleton's attack.
The wight completely misses you.
You bludgeon the wight! Your grab misses the wight.
Your squeeze misses the wight.
The wight is heavily damaged.
The bullfrog skeleton hits you!
* * * LOW HITPOINT WARNING * * *
The wight closely misses you.
Unknown command.
You tentacle-slap the wight but do no damage.
You grab the wight.
You squeeze the wight, but do no damage.
The wight is heavily damaged.
You constrict the wight.
The bullfrog skeleton closely misses you.
The wight hits you with a +4 trident of freezing!
* * * LOW HITPOINT WARNING * * *
You feel drained.
* * * LOW HITPOINT WARNING * * *
The wight freezes you.
* * * LOW HITPOINT WARNING * * *
The bullfrog skeleton closely misses you.
Unknown command.
You bludgeon the wight!
You destroy the wight!
Cheibriados appreciates the change of pace.
The wight hits you with a +5 scimitar!!
You die...

Action                   |  1- 3 |  4- 6 |  7- 9 || total
-------------------------+-------+-------+-------++-------
Melee: Unarmed           |    71 |    44 |    74 ||   189
       Constrict         |    21 |    14 |    20 ||    55
       Tentacles         |    14 |    19 |    40 ||    73
       Punch             |     4 |     1 |     9 ||    14
Invok: Bend Time         |       |     1 |     4 ||     5
  Use: Scroll            |       |       |     4 ||     4
 Stab: Sleeping          |     4 |       |     2 ||     6
       Distracted        |     2 |     1 |       ||     3
Armor: Skin              |     4 |     1 |     2 ||     7
Dodge: Dodged            |    50 |    24 |    53 ||   127
Block: Other             |       |       |     6 ||     6

Levels and vault maps discovered:
D:1:      lemuel_arrival_behind_the_door_small, layout_loops_corners,
          corexii_leaking_fountain, minivault_19, minmay_pentomino_s4
D:2:      layout_rooms, basic_altar, shapermc_ecumenical_altar_mp_highgroup,
          minmay_diced_spiral
D:3:      cheibrodos_helix_gallery, layout_rooms,
          nicolae_overflow_quartered_altars, grunt_ministairs_9, feat_on_display
D:4:      kennysheep_goblin_castle, layout_cave_pools, lemuel_crystal_altar,
          lemuel_tele_altar, gammafunk_ghost_smash, uniq_menkaure, uniq_grinder
D:5:      layout_loops_ring, nicolae_qazlal_eye_of_the_storm,
          hangedman_feature_mirror, lightli_minifort, uniq_pikel
D:6:      layout_cave_pods, gup_sewer_entry_glass, chequers_mini_garden,
          uniq_prince_ribbit1, uniq_duvessa

Notes
Turn   | Place    | Note
-------+----------+-------------------------------------------
     0 | D:1      | sanka the Octopode Monk began the quest for the Orb.
     0 | D:1      | Reached XP level 1. HP: 16/16 MP: 1/1
   112 | D:2      | Reached XP level 2. HP: 21/21 MP: 2/2
   335 | D:2      | Found a snail-covered altar of Cheibriados.
   416 | D:2      | Became a worshipper of Cheibriados the Contemplative
   416 | D:2      | Reached * piety under Cheibriados
   416 | D:2      | Reached ** piety under Cheibriados
   425 | D:2      | Found a faded altar of an unknown god.
   434 | D:2      | Reached XP level 3. HP: 20/26 MP: 3/3
  1374 | D:3      | Reached skill level 4 in Unarmed Combat
  1374 | D:3      | Reached skill level 1 in Invocations
  1374 | D:3      | Reached XP level 4. HP: 20/31 MP: 4/4
  1573 | D:3      | Found a glowing golden altar of the Shining One.
  1573 | D:3      | Found a shimmering blue altar of Sif Muna.
  1574 | D:3      | Found a burning altar of Makhleb.
  1580 | D:3      | Found a glowing silver altar of Zin.
  1653 | D:3      | Reached *** piety under Cheibriados
  2144 | D:4      | Noticed Menkaure
  2144 | D:4      | Noticed Grinder
  2273 | D:4      | Found a transporter.
  2273 | D:4      | Noticed sn0wgr3's ghost (amateur GrFi)
  2273 | D:4      | Noticed a necrophage
  2273 | D:4      | Noticed an ogre
  2276 | D:4      | Noticed an ogre
  2282 | D:4      | Killed a necrophage
  2283 | D:4      | Reached XP level 5. HP: 37/37 MP: 4/6
  2289 | D:4      | Noticed an ogre
  2329 | D:4      | Killed an ogre
  2330 | D:4      | Reached skill level 4 in Fighting
  2330 | D:4      | Reached skill level 4 in Dodging
  2330 | D:4      | Reached skill level 2 in Invocations
  2330 | D:4      | Reached XP level 6. HP: 43/43 MP: 3/7
  2333 | D:4      | Reached skill level 5 in Unarmed Combat
  2582 | D:4      | Killed Menkaure
  2583 | D:4      | Reached XP level 7. HP: 37/49 MP: 7/9
  2684 | D:4      | Found a hide-covered altar of Uskayaw.
  2716 | D:4      | Reached skill level 3 in Invocations
  2985 | D:4      | Reached **** piety under Cheibriados
  3121 | D:5      | Entered Level 5 of the Dungeon
  3237 | D:5      | Reached skill level 6 in Unarmed Combat
  3273 | D:5      | Identified the +4 falchion "Octopus's Bane" {drain, Fragile
                  | rPois rC+++ Dex-4}
  3361 | D:5      | Noticed Pikel
  3468 | D:5      | Paralysed by Pikel for 7 turns
  3486 | D:5      | Killed Pikel
  3487 | D:5      | Reached skill level 5 in Fighting
  3487 | D:5      | Reached skill level 5 in Dodging
  3487 | D:5      | Reached skill level 4 in Invocations
  3487 | D:5      | Reached XP level 8. HP: 55/55 MP: 6/11
  3716 | D:5      | Reached skill level 7 in Unarmed Combat
  3724 | D:5      | Found an ancient bone altar of Kikubaaqudgha.
  3773 | D:5      | Found a stormy altar of Qazlal.
  4103 | D:5      | Found a sacrificial altar of Ru.
  4197 | D:6      | Noticed Prince Ribbit
  4212 | D:6      | Killed Prince Ribbit
  4359 | D:6      | Identified a +1 robe of resistance
  4359 | D:6      | Noticed Dowan
  4388 | D:6      | Reached skill level 5 in Invocations
  4388 | D:6      | Reached XP level 9. HP: 51/62 MP: 8/12
  4415 | D:6      | Slain by a wight

Vanquished Creatures
  Pikel (D:5)
  Prince Ribbit (D:6)
  Menkaure (D:4)
  A water moccasin (D:6)
  A necrophage (D:4)
  2 ogres
  A lemure (D:5)
  A phantom (D:6)
  A scorpion (D:6)
  A water moccasin zombie (D:5)
  A water moccasin skeleton (D:4)
  3 wights (D:6)
  A centaur zombie (D:5)
  A bullfrog zombie (D:5)
  A jelly (D:4)
  2 iguanas
  2 hound skeletons (D:4)
  2 adders
  5 gnolls
  2 howler monkey skeletons
  2 worms (D:2)
  6 orcs
  An endoplasm (D:3)
  7 giant cockroaches
  8 goblins
  5 hobgoblins
  A jackal (D:3)
  8 kobolds
  5 quokkas
  5 ball pythons
  2 bats
  3 frilled lizards (D:2)
  2 rats
86 creatures vanquished.
